 Dungeon Crawl Stone Soup version 0.30-b1-2-g02819fbbbe (webtiles) character file.

Game seed: 152663518611291910

257 redmage the Digger (level 6, -5/45 HPs)
             Began as a Meteoran Earth Elementalist on July 26, 2023.
             Slain by a sky beast (6 damage)
             ... on level 6 of the Dungeon.
             The game lasted 00:08:18 (449 turns).

redmage the Digger (Meteoran Earth Elementalist)     Turns: 449, Time: 00:08:19

Health: -5/45      AC:  3    Str:  8 (9)  XL:     6   Next: 67%
Magic:  0/13       EV: 12    Int: 16 (19) God:
Gold:   96         SH:  0    Dex: 13 (15) Spells: 5/14 levels left

rFire   . . .        (no weapon)
rCold   . . .        (no shield)
rNeg    . . .        a - +0 robe
rPois   .            (no helmet)
rElec   .            (no cloak)
rCorr   .            j - +0 pair of gloves
SInv    .            (no boots)
Will    .....        (no amulet)
Stlth   +            (no ring)
HPRegen 0.27/turn    (no ring)
MPRegen 0.13/turn

%: no passive effects
@: very slightly contaminated, hasted, glowing, very quick
A: sense surroundings 1, otherworldly, glowing, explore regen
a: no special abilities


You were on level 6 of the Dungeon.
You visited 1 branch of the dungeon, and saw 6 of its levels.

You collected 96 gold pieces.

Inventory:

Missiles
 h - 5 boomerangs
Armour
 a - a +0 robe (worn)
 j - a +0 pair of gloves (worn)
Wands
 e - a wand of flame (3)
Scrolls
 c - a scroll of blinking
 f - a scroll of amnesia
Potions
 b - a potion of magic
 g - a potion of ambrosia
 i - a potion of haste


   Skills:
 - Level 2.4 Dodging
 - Level 1.4 Stealth
 - Level 4.6 Spellcasting
 + Level 2.5 Conjurations
 - Level 2.0 Transmutations
 + Level 2.2 Ice Magic
 - Level 5.5 Earth Magic


You had 5 spell levels left.
You knew the following spells:

 Your Spells              Type           Power      Damage    Failure   Level
a - Sandblast             Erth           42%        2d11      1%          1
b - Frozen Ramparts       Ice            20%        1d4       19%         3
c - Stone Arrow           Conj/Erth      32%        3d9       9%          3
e - Passwall              Tmut/Erth      12%        N/A       4%          2

Your spell library contained the following spells:

 Spells                   Type           Power      Damage    Failure   Level
 Petrify                  Tmut/Erth      15%        N/A       32%         4
 Ice Form                 Ice/Tmut       10%        N/A       54%         4
 Summon Ice Beast         Ice/Summ       7%         N/A       69%         4


Dungeon Overview and Level Annotations

Branches:
Dungeon (6/15) Zot: 3125
 Temple: D:4-7

Altars:
Ashenzari


Innate Abilities, Weirdness & Mutations

You passively map a small area around you.
You are easily found by Zot.
You glow in the dark.
You regain HP and MP as you explore.


Message History

Unknown command.
Unknown command.
Unknown command.
Something hits you. Something shocks you.
A sky beast appears from thin air!
Reactivating autopickup.
The sky beast attacks as you move away! The sky beast hits you.
The sky beast shocks you.
* * * LOW HITPOINT WARNING * * *
Casting: Stone Arrow (dangerous; 8% risk of failure)
Confirm with . or Enter, or press ? or * to list all spells.
Aiming: Stone Arrow (dangerous; 8% risk of failure)
Press: ? - help, Shift-Dir - straight line, f/p - sky beast
Aim: a sky beast (56% to hit)
The stone arrow hits the sky beast!
The sky beast is moderately wounded.
The sky beast hits you.
* * * LOW HITPOINT WARNING * * *
The sky beast shocks you.
* * * LOW HITPOINT WARNING * * *
Unknown command.
Unknown command.
Casting: Stone Arrow (dangerous; 8% risk of failure)
Confirm with . or Enter, or press ? or * to list all spells.
Aiming: Stone Arrow (dangerous; 8% risk of failure)
Press: ? - help, Shift-Dir - straight line, f/p - sky beast
Aim: a sky beast (moderately wounded, 56% to hit)
The stone arrow misses the sky beast.
The sky beast misses you.
Unknown command.
Unknown command.
It was a potion of degeneration.
There was something very wrong with that liquid.
You feel weakened.
You feel dopey.
You feel clumsy. The sky beast closely misses you.
You feel yourself speed up.
The sky beast flickers out of sight!
Deactivating autopickup; reactivate with Ctrl-A.
Something hits you.
* * * LOW HITPOINT WARNING * * *
Something shocks you.
You die...

##...#.# , ##......#
.# .#. #.......## ..
... * .........# .#
.... ........##
....... .#.....##
.#... . ##...##
...,... ##.##
#############.#.....
, #.#
#.......@{...[......
, , ##.##
#.##########..#.#.#.
* .##...###.#
#....., ).........#
####.... ,
###...##### *#..#
##.## * ..# #.#** ,
, .# #.. , , , # ###
***


There were no monsters in sight!

Vanquished Creatures
  A steam dragon (D:6)
  A black bear (D:6)
  An iguana (D:5)
  An adder (D:5)
  3 orcs
  An endoplasm (D:3)
  2 giant cockroaches (D:4)
  2 goblins
  3 kobolds
  A rat (D:2)
16 creatures vanquished.

Notes
Turn   | Place    | Note
-------+----------+-------------------------------------------
     0 | D:1      | redmage the Meteoran Earth Elementalist began the quest for
                  | the Orb.
     0 | D:1      | Reached XP level 1. HP: 14/14 MP: 5/5
    98 | D:3      | Reached XP level 2. HP: 20/20 MP: 3/6
   101 | D:3      | Learned a level 2 spell: Passwall
   110 | D:4      | Found a broken altar of Ashenzari.
   168 | D:5      | Entered Level 5 of the Dungeon
   177 | D:4      | Reached skill level 4 in Earth Magic
   224 | D:5      | Reached XP level 3. HP: 12/26 MP: 5/8
   225 | D:5      | HP: 1/26 [orc/+0 war axe (4)]
   256 | D:5      | Learned a level 3 spell: Frozen Ramparts
   313 | D:6      | Noticed a black bear
   319 | D:6      | Killed a black bear
   320 | D:6      | Reached skill level 5 in Earth Magic
   320 | D:6      | Reached XP level 4. HP: 16/33 MP: 3/11
   320 | D:6      | Reached XP level 5. HP: 18/38 MP: 3/12
   330 | D:6      | Noticed a water moccasin
   359 | D:5      | Learned a level 3 spell: Stone Arrow
   434 | D:6      | Noticed a steam dragon
   435 | D:6      | Noticed a sky beast
   440 | D:6      | Killed a steam dragon
   441 | D:6      | Reached XP level 6. HP: 28/45 MP: 8/13
   449 | D:6      | HP: 1/45 [something (3)]
   449 | D:6      | Slain by a sky beast

Illustrated notes

Levels and vault maps discovered:
D:1:      dpeg_arrival_rhombi, layout_basic, minmay_misc_feat_encased,
          skrybe_limestone_x
D:2:      layout_rooms
D:3:      layout_rooms, dreamdust_ecumenical_altar_drowned_temple,
          minmay_quadrilaterals
D:4:      layout_loops_ring, nicolae_dithmenos_through_a_glass_darkly,
          ashenzari_conservatory_becter, serial_rivers,
          chequers_serial_rivers_micro_b, chequers_serial_rivers_room_a,
          chequers_serial_rivers_micro_d, chequers_serial_rivers_room_b,
          chequers_serial_rivers_marsh, chequers_serial_rivers_marsh,
          minivault_14
D:5:      layout_layer_cave
D:6:      layout_loops_ring, mainiacjoe_overflow_alcove_1,
          minmay_temple_entry_glass

Skill      XL: |  1  2  3  4  5 |
---------------+----------------+-----
Earth Magic    | 4 5 |  5.5
Spellcasting   | 3 4 |  4.6
Transmutations | 2 |  2.0
Conjurations   | 2 |  2.5
Ice Magic      | 2 |  2.2
Dodging        | |  2.4
Stealth        | |  1.4

Action                     |  1- 3 |  4- 6 || total
---------------------------+-------+-------++-------
   Cast: Sandblast         |    29 |    10 ||    39
         Stone Arrow       |       |     2 ||     2
    Use: Scroll            |       |     6 ||     6
         Potion            |       |     2 ||     2
 Armour: Robe              |     3 |     1 ||     4
  Dodge: Dodged            |    10 |    10 ||    20
